[Event "*** MasterClass Titled Tuesday Blitz"]
[Site "Chess.com"]
[Date "2017.10.03"]
[Round "8"]
[White "Konavets"]
[Black "petrpalachev"]
[Result "1-0"]
[WhiteElo "2787"]
[BlackElo "2600"]
[TimeControl "180+2"]
[EndTime "14:51:00 PDT"]
[Termination "Konavets won by resignation"]

1. e4 e6 2. d4 d5 3. Nc3 Nf6 4. e5 Nfd7 5. f4 c5 6. Nf3 Be7 7. Be3 b6 8. Qd2 O-O 9. h4 cxd4 10. Bxd4 Nc6 11. Bf2 f5 12. Bb5 Ndb8 13. h5 Ba6 14.
a4 Qc8 15. h6 g6 16. Bh4 Bxh4+ 17. Rxh4 Bb7 18. g4 a6 19. gxf5 axb5 20. fxg6 hxg6 21.
Nxb5 Qd7 22. Nd6 Ne7 23. Rg4 Nbc6 24. Qg2 Kh7 25. Ng5+ Kh8 26. Ndf7+ Rxf7 27. Nxf7+ Kh7 28. Ng5+ Kh8 29. Nf7+ Kh7 30. Ra3 Rf8 31. Nd6 Nd4 32. Rc3 Bc6 33. b3 Ndf5 34. Nxf5 Rxf5 35. Rcg3 d4 36. Qd2 Qd5 37. Rg1 Qe4+ 38. Kd1 Rf7 39. Kc1 Bd5 40. Kb2 b5 41. a5 Rf8 42.
a6 Ra8 43. f5 Qxf5 44. Rf4 Qxe5 45. Rf7+ Kh8 46. Rxe7 Qf6 47. Rg7 Rxa6 48. R1xg6 Qf1 49. Rg8+ 1-0

[Event "*** MasterClass Titled Tuesday Blitz"]
[Site "Chess.com"]
[Date "2017.10.03"]
[Round "8"]
[White "jefferyx"]
[Black "Muisback26"]
[Result "1-0"]
[WhiteElo "2775"]
[BlackElo "2694"]
[TimeControl "180+2"]
[EndTime "14:51:12 PDT"]
[Termination "jefferyx won by resignation"]

1. d4 d6 2. e4 g6 3. Nf3 Bg7 4. Be2 Nf6 5. Nc3 O-O 6. O-O Nc6 7. Bg5 h6 8. Be3 Ng4 9. Bf4 e5 10. dxe5 dxe5 11. Bg3 Qe7 12. Nd5 Qd6 13. c3 Nf6 14. Nxf6+ Qxf6 15. Qb3 Qe7 16. Rad1 Nb8 17. Bh4 g5 18. Bg3 c6 19. Nd2 b5 20. Qb4 Qxb4 21.
cxb4 Be6 22. a3 Nd7 23. Nb3 Bxb3 24. Rxd7 Rfd8 25. Bg4 h5 26. Rxd8+ Rxd8 27. Bxh5 Rd2 28.
h4 f6 29. Rc1 Rxb2 30. Rxc6 Ra2 31. hxg5 fxg5 32. Rc5 Bc4 33. Bxe5 Bxe5 34. Rxe5 Kg7 35. Re7+ Kh6 36. Bg4 Rxa3 37. Bf5 g4 38. Bxg4 a5 39. bxa5 b4 40. f4 b3 41. Bf5 Bg8 42. Rb7 Rxa5 43.
Kh2 Ra3 44. e5 Ra4 45. Kg3 Ra5 46. Kh4 Ra4 47. g3 Rd4 48. e6 Rd1 49. Rxb3 Re1 50. Rb6 Rh1+ 51. Kg4 Re1 52. Kf3 Rf1+ 53. Ke2 1-0

[Event "*** MasterClass Titled Tuesday Blitz"]
[Site "Chess.com"]
[Date "2017.10.03"]
[Round "8"]
[White "krzyzan94"]
[Black "RaphaeI"]
[Result "1/2-1/2"]
[WhiteElo "2588"]
[BlackElo "2440"]
[TimeControl "180+2"]
[EndTime "14:51:27 PDT"]
[Termination "Game drawn by agreement"]

1. d4 Nf6 2. Bg5 d5 3. Nd2 c5 4. e3 Nc6 5. c3 e5 6. dxe5 Nxe5 7.
Ngf3 Nxf3+ 8. Nxf3 Be7 9. c4 Qa5+ 10. Qd2 Qxd2+ 11. Nxd2 Be6 12. cxd5 Nxd5 13. Bb5+ Bd7 14. Bxd7+ Kxd7 15. O-O-O Bxg5 16. Ne4 Bxe3+ 17. fxe3 Kc6 18. Rd3 Rhe8 19. Rhd1 Rxe4 20. Rxd5 Rae8 21. Rd6+ Kb5 22. Rd7 R8e7 23. R1d3 Rxe3 24. Rxb7+ Rxb7 25. Rxe3 Kc6 26. Kc2 Rd7 27. Ra3 Re7 28. Kd2 h5 29. Ra6+ Kd5 30.
Ra5 Rb7 31. Kc3 Kc6 32. a3 Kb6 33. Ra4 Kb5 34. Rf4 Re7 35. Kd3 Kc6 36. Kc4 Kd6 37. Rf2 Re4+ 38. Kd3 Rd4+ 39. Kc3 Ke6 40. b4 Rd5 41. b5 Rd4 42. Re2+ Kd6 43. Re8 Ra4 44. Kb3 Rg4 45. Ra8 Rxg2 46. Rxa7 Rxh2 47. Rxf7 Rg2 48. a4 h4 49. b6 Rg1 50. b7 Rb1+ 51. Kc4 h3 52.
Rxg7 h2 53. Rh7 Rxb7 54. Rh6+ Kc7 55. Kxc5 Rb2 56. a5 Kb7 57. Kc4 1/2-1/2

[Event "*** MasterClass Titled Tuesday Blitz"]
[Site "Chess.com"]
[Date "2017.10.03"]
[Round "8"]
[White "VladDobrov"]
[Black "eldur16"]
[Result "1/2-1/2"]
[WhiteElo "2612"]
[BlackElo "2490"]
[TimeControl "180+2"]
[EndTime "14:51:35 PDT"]
[Termination "Game drawn by repetition"]

1. d4 Nf6 2. c4 e6 3. Nf3 Bb4+ 4. Nbd2 b6 5. a3 Bxd2+ 6. Qxd2 Bb7 7. e3 d6 8. Be2 a5 9. b3 Nbd7 10. O-O O-O 11.
Bb2 Ne4 12. Qe1 f5 13. Nd2 Qg5 14. g3 Ndf6 15. f4 Qg6 16. Nf3 Ng4 17. Bd3 Qh5 18. Qe2 Rf6 19. d5 Rh6 20. Nh4 exd5 21. cxd5 Bxd5 22. Bc4 Qf7 23. Nxf5 Qxf5 24. Bxd5+ Qxd5 25. Qxg4 Rg6 26. Qf3 Re8 27. b4 Qb3 28. Bd4 c5 29. bxc5 bxc5 30. Rab1 Qf7 31. f5 Rg5 32. Ba1 Nd2 33. Qf4 h6 34. f6 Nxb1 35. Rxb1 gxf6 36. Qxd6 Rd5 37. Qf4 Rd2 38. Bxf6 Qe6 39. e4 Qxe4 40. Qxd2 Qxb1+ 41. Kg2 Qg6 42. Bc3 c4 43. Qd5+ Qf7 44. Qd4 Kh7 45. h4 Rg8 46. Qe4+ Qg6 47. Qe7+ Rg7 48. Bxg7 Qxg7 49. Qe4+ Qg6 50. Qxc4 Qf5 51. a4 Kg7 52. Qd4+ Kh7 53. Qf4 Qc2+ 54. Kh3 Qc8+ 55. Qg4 Qc6 56. Qf5+ Kg7 57. Qxa5 Qh1+ 58. Kg4 Qe4+ 59.
Kh3 Qh1+ 60. Kg4 Qe4+ 61. Kh3 Qh1+ 1/2-1/2

[Event "*** MasterClass Titled Tuesday Blitz"]
[Site "Chess.com"]
[Date "2017.10.03"]
[Round "8"]
[White "Kacparov"]
[Black "Rodalquilar"]
[Result "1-0"]
[WhiteElo "2620"]
[BlackElo "2504"]
[TimeControl "180+2"]
[EndTime "14:51:37 PDT"]
[Termination "Kacparov won by checkmate"]

1. e4 Nf6 2. e5 Nd5 3. d4 d6 4. c4 Nb6 5. Nf3 Bg4 6. exd6 exd6 7. Nc3 Be7 8. h3 Bh5 9. Be3 O-O 10. b3 Nc6 11. Bd3 Bf6 12. g4 Bg6 13. Rc1 Qd7 14. d5 Ne5 15. Nxe5 Bxe5 16. f4 Bxc3+ 17. Rxc3 Rae8 18. Kf2 Be4 19. Re1 f5 20. Bxe4 Rxe4 21. Bxb6 Rxf4+ 22. Kg3 fxg4 23. Bd4 Rf3+ 24. Rxf3 Rxf3+ 25.
Kh2 Qf5 26. Qe2 Qf4+ 27. Kg2 Rg3+ 28. Kh1 Rxh3+ 29. Kg1 Qxd4+ 30. Kg2 Qf6 31. Qe8+ Qf8 32. Qe6+ Kh8 33. Rf1 Rf3 34. Re1 Rf2+ 35. Kg1 Rf6 36. Qd7 Rf7 37. Re8 Kg8 38. Rxf8+ Rxf8 39. Qe6+ Rf7 40. Qxg4 g6 41. Qe6 Kg7 42. Qc8 b6 43. b4 h5 44. Qb7 h4 45. Qxa7 g5 46. a4 Kg6 47. a5 bxa5 48. bxa5 g4 49. a6 g3 50. Qe3 Rf8 51. a7 Kh5 52. Qa3 Ra8 53. Kg2 Kg4 54. Qf3+ Kg5 55. Kh3 Rxa7 56. Qg4+ Kf6 57.
Kxh4 Ra3 58. Qf4+ Ke7 59. Qe4+ Kd8 60. Kg5 Kc8 61. Kf6 Kb7 62. Ke7 Kb6 63. Qd4+ Kb7 64.
Qb2+ Kc8 65. Qxa3 g2 66. Qa8# 1-0

[Event "*** MasterClass Titled Tuesday Blitz"]
[Site "Chess.com"]
[Date "2017.10.03"]
[Round "8"]
[White "Alexander_Donchenko"]
[Black "Buffy7"]
[Result "0-1"]
[WhiteElo "2556"]
[BlackElo "2475"]
[TimeControl "180+2"]
[EndTime "14:51:44 PDT"]
[Termination "Buffy7 won by resignation"]

1. e4 c5 2. Nf3 Nc6 3. d4 cxd4 4. Nxd4 Nf6 5. Nc3 e5 6. Ndb5 d6 7. Bg5 a6 8. Na3 b5 9. Nd5 Be7 10. Bxf6 Bxf6 11. c3 Bg5 12. Nc2 Ne7 13. Ncb4 O-O 14. h4 Bh6 15. g3 a5 16. Nxe7+ Qxe7 17. Nd5 Qb7 18. Qb3 Rb8 19. Bd3 Be6 20. c4 b4 21.
O-O g6 22. a3 bxa3 23. Qxa3 Bxd5 24. cxd5 Bd2 25. Qxd6 Rfe8 26. Rfd1 Bb4 27. Qc6 Qxc6 28. dxc6 Rec8 29. Rac1 Rb6 30. c7 Bd6 31. b3 Rxc7 32. Rxc7 Bxc7 33. Bc4 Rd6 34. Bd5 Bb6 35. Rc1 Rf6 36. Rc2 h5 37. Kg2 Kg7 38. f3 Bd4 39. Rc7 Bb6 40. Rb7 Bd4 41. Re7 Kf8 42. Rc7 Bb6 43.
Rb7 Bd4 44. Bc4 Kg7 45. Rb5 Bc3 46. Kf2 Bd4+ 47. Ke2 Bc3 48. Rd5 Kf8 49. Rd7 Bb4 50. Rc7 Kg7 51. Bd5 Kf8 52. Kf2 Bd6 53. Rc8+ Kg7 54.
Kg2 Bb4 55. Rc7 Bd6 56. Rb7 Bb4 57. Kf2 Bc5+ 58. Ke2 Bb4 59. Rc7 Bd6 60. Rc8 Bb4 61. Ke3 Be1 62. Ra8 Bxg3 63. Rxa5 Bxh4 64. b4 Be1 65. Rb5 h4 66. Ke2 h3 67. Kf1 Rxf3+ 68.
Kg1 Bg3 69. Bc4 Rc3 70. Bf1 Rc1 0-1

[Event "*** MasterClass Titled Tuesday Blitz"]
[Site "Chess.com"]
[Date "2017.10.03"]
[Round "8"]
[White "Oleksandr_Bortnyk"]
[Black "ArnaudovP"]
[Result "0-1"]
[WhiteElo "2807"]
[BlackElo "2499"]
[TimeControl "180+2"]
[EndTime "14:51:48 PDT"]
[Termination "ArnaudovP won on time"]

1. e4 g6 2. d4 Bg7 3. Nc3 c6 4. Nf3 d6 5. a4 Nf6 6. Bd3 O-O 7. O-O Bg4 8. h3 Bxf3 9. Qxf3 Nbd7 10. a5 e5 11. a6 b5 12. d5 cxd5 13. Nxb5 Nc5 14. Bg5 dxe4 15. Bxf6 Bxf6 16. Bxe4 Nxe4 17. Qxe4 d5 18. Qe2 Qb6 19. Rfd1 Rfd8 20. c4 Rab8 21. Nc3 dxc4 22. Qxc4 Qxb2 23. Ne4 Bg7 24. Nd6 Rxd6 25. Rxd6 Qxa1+ 26. Kh2 e4 27. Rd7 Qe5+ 28. g3 Qf5 29. Rd2 h5 30. Qc7 Rb1 31. Qxa7 Qf3 32. Qb8+ Kh7 33.
Qxb1 h4 34. Qd1 Qa3 35. Qg4 hxg3+ 36. fxg3 e3 37. Re2 Qxa6 38. Rxe3 f5 39. Qh4+ Kg8 40. Re8+ Bf8 41. Qe7 Qa2+ 42. Qe2 Qa3 43. h4 Kg7 44. Qe5+ Kf7 45. Qe6+ Kg7 46. Qd7+ Kg8 47. Kh3 Qc1 48. Qd5+ Kg7 49. Qe5+ Kf7 50. Qe6+ Kg7 51. Qe1 Qc4 52. Re6 Qg4+ 53. Kh2 Kf7 54. Qe5 Kg8 0-1

[Event "*** MasterClass Titled Tuesday Blitz"]
[Site "Chess.com"]
[Date "2017.10.03"]
[Round "8"]
[White "Cruel_Yaro"]
[Black "SergeiAza"]
[Result "1-0"]
[WhiteElo "2717"]
[BlackElo "2719"]
[TimeControl "180+2"]
[EndTime "14:51:51 PDT"]
[Termination "Cruel_Yaro won on time"]

1. a3 e5 2. c3 Nf6 3. d4 Nc6 4. dxe5 Nxe5 5. Nf3 Nxf3+ 6. exf3 d5 7. Bd3 Bd6 8. O-O O-O 9. Re1 c6 10. Nd2 Bd7 11.
Nf1 Re8 12. Be3 Qc7 13. Ng3 g6 14. Qa4 Re6 15. Bg5 Ne8 16. Qh4 Be5 17. f4 Bg7 18. f5 Rxe1+ 19. Rxe1 Qd6 20. fxg6 hxg6 21. f4 Nf6 22. f5 Re8 23. Rxe8+ Bxe8 24. fxg6 fxg6 25. Qf4 Qxf4 26. Bxf4 Kf7 27. Ne2 Nd7 28. Nd4 Ne5 29. Be2 Nc4 30. Bc1 Bd7 31. Kf2 Nd6 32. Bd3 c5 33. Nf3 Bf5 34. Bxf5 gxf5 35. Ke2 b5 36.
Kd3 a5 37. Be3 Ne4 38. Kc2 Ke6 39. h4 a4 40. h5 Kf7 41. Nh4 Kf6 42. Bf4 Bh8 43. Ng6 Bg7 44. Ne5 Ke6 45. Nd3 Bf6 46.
h6 Kf7 47. Be3 d4 48. cxd4 cxd4 49. Bf4 Kg6 50. Nb4 Ng5 51. Nd5 Bh8 52. Ne7+ Kxh6 53. Nxf5+ Kh5 54. Kd3 Ne6 55. Bd6 Kg4 56. Nh6+ Kh5 57. Nf7 Bf6 58. Be5 1-0

[Event "*** MasterClass Titled Tuesday Blitz"]
[Site "Chess.com"]
[Date "2017.10.03"]
[Round "8"]
[White "Sven_Tica"]
[Black "Sethu0025"]
[Result "1-0"]
[WhiteElo "2462"]
[BlackElo "2634"]
[TimeControl "180+2"]
[EndTime "14:52:00 PDT"]
[Termination "Sven_Tica won by resignation"]

1. d4 Nf6 2. c4 e6 3. Nf3 d5 4. Nc3 c6 5. Bg5 dxc4 6. e4 b5 7. a4 Qb6 8. Bxf6 gxf6 9. Be2 Bb7 10. O-O Nd7 11. axb5 cxb5 12. b3 cxb3 13. Bxb5 a6 14.
Bxd7+ Kxd7 15. Rb1 a5 16. Rxb3 Bb4 17. Na4 Qb5 18.
Nc5+ Ke7 19. Nxb7 Qxb7 20. d5 Rac8 21. Nd4 exd5 22. Nf5+ Kd7 23. Rd3 Rc5 24. Qg4 Kc6 25.
exd5+ Kb6 26. Qg7 Rb8 27. Qxf6+ Ka7 28. Nd6 Qd7 29. Qxf7 Rd8 30. Rfd1 Kb6 31. Qxd7 Rxd7 32. Ne4 Rc4 33. Nf6 Rf7 34. d6 Rxf6 35. d7 Be7 36. d8=Q+ Bxd8 37. Rxd8 a4 38. Rb8+ Kc5 39. Rc8+ Rc6 40. Ra8 Kb4 41. Rb1+ Ka3 42. g3 Ka2 43. Rb7 a3 44. Rxh7 Rb4 45. Rha7 Rb3 46. h4 Kb2 47. Kg2 Rf6 48. h5 Rh6 49. g4 Re6 50. g5 Re5 51.
f4 Re2+ 52. Kf1 Rd2 53. Rxa3 Rxa3 54. Rxa3 Kxa3 55. h6 Rh2 56. Kg1 Rh4 57. Kf2 Rxf4+ 58. Kg3 Rf1 59. h7 Rg1+ 60. Kf4 Rf1+ 61. Ke5 Rg1 62.
Kf6 Rf1+ 63. Kg7 Rg1 64. g6 Kb4 65. h8=Q 1-0

[Event "*** MasterClass Titled Tuesday Blitz"]
[Site "Chess.com"]
[Date "2017.10.03"]
[Round "8"]
[White "Alexander_Moskalenko"]
[Black "Zufi1811"]
[Result "1-0"]
[WhiteElo "2640"]
[BlackElo "2440"]
[TimeControl "180+2"]
[EndTime "14:52:18 PDT"]
[Termination "Alexander_Moskalenko won on time"]

1. e4 c5 2. Nf3 d6 3. d4 cxd4 4. Nxd4 Nf6 5. Nc3 a6 6. Be3 e5 7.
Nf3 Be7 8. Bc4 O-O 9. Bb3 Be6 10. Bg5 Nbd7 11. O-O Rc8 12. Re1 b5 13. Bxf6 Nxf6 14. Re2 h6 15. Nd5 Nxd5 16. Bxd5 Qb6 17. c3 Rc5 18.
Rd2 Kh7 19. h3 Bc8 20. Qe2 Kh8 21. a3 f5 22. Rad1 a5 23. Qe3 Qb8 24. b4 Rc7 25. Qd3 Qb6 26. Rc2 fxe4 27. Bxe4 Be6 28. Rcc1 Bc4 29.
Qd2 d5 30. Bxd5 Rd8 31. Nxe5 Bxd5 32. bxa5 Qxa5 33. Ng6+ Kg8 34. Qe2 Bf6 35. Rxd5 Rxd5 36. Qe8+ Kh7 37. Nf8+ Kg8 38. Ng6+ Kh7 39. Nf8+ Kg8 40.
Nd7+ Kh7 41. Nxf6+ gxf6 42. Qe4+ Kg7 43. Qxd5 Qxa3 44.
Rb1 Qxc3 45. Qxb5 Qc5 46. Qd3 Re7 47. Qg3+ Qg5 48. Qd3 Qe5 49. g3 h5 50. h4 Qe4 51.
Qb5 Kg6 52. Qb3 Kg7 53. Rc1 Qf5 54. Qb4 Rd7 55. Qc4 Qd5 56. Qf4 Qe5 57. Qxe5 fxe5 58. Rc6 Rd2 59. Re6 Rd5 60. Kf1 Kf7 61. Rh6 e4 62.
Ke2 Rf5 63. Rc6 1-0

[Event "*** MasterClass Titled Tuesday Blitz"]
[Site "Chess.com"]
[Date "2017.10.03"]
[Round "8"]
[White "Laico"]
[Black "WanderingPuppet"]
[Result "0-1"]
[WhiteElo "2132"]
[BlackElo "2324"]
[TimeControl "180+2"]
[EndTime "14:52:42 PDT"]
[Termination "WanderingPuppet won on time"]

1. e4 c5 2. Nc3 d6 3. f4 g6 4. Nf3 Bg7 5. Bb5+ Bd7 6. Qe2 Nc6 7. O-O Nd4 8. Nxd4 cxd4 9. Bxd7+ Qxd7 10. Nd1 Nf6 11.
d3 O-O 12. f5 Rac8 13. Bg5 Qc6 14. Rc1 Rce8 15. Qf2 h6 16. Bxf6 Bxf6 17. Qg3 Kg7 18.
h4 Qc5 19. Nf2 Qe5 20. Qg4 h5 21. Qh3 Qf4 22. Rcd1 Qxh4 23. Qf3 Be5 24. Nh3 g5 25. Qe2 Rh8 26. c3 Qg3 27. Qd2 f6 28. c4 Qh2+ 29. Kf2 Bg3+ 30. Ke2 Qxg2+ 31. Nf2 Bxf2 32. Rxf2 Qg4+ 33.
Kf1 h4 34. Rg2 Qf3+ 35. Kg1 Rh5 36. Rf1 Qe3+ 37. Qxe3 dxe3 38. Re1 Rg8 39. Rxe3 Kf7 40. Rg4 Rc8 41. Kh2 a6 42. Rg2 b5 43. b3 bxc4 44. dxc4 Rc5 45. Kh3 Rh8 46. Rd2 a5 47. Rd4 Rhc8 48. Kg4 a4 49. Red3 axb3 50. axb3 Rb8 51.
Rd5 Rc7 52. Ra5 Rcb7 53. Ra3 Rb4 54. Re3 R4b7 55. Rd3 Rc7 56. Re3 Rcb7 57. Rd3 Rc8 58. Re3 Rh8 59. Rd3 Ke8 60. Rd4 Kf7 61. Rd3 Rhb8 62.
Rh3 Rb4 63. Rd3 Rc8 64. Re3 Rc5 65. Rd3 Re5 66. Rd4 d5 67. exd5 Re3 68. Ra7 Rg3+ 69.
Kh5 Rb8 0-1

[Event "*** MasterClass Titled Tuesday Blitz"]
[Site "Chess.com"]
[Date "2017.10.03"]
[Round "8"]
[White "51616516516"]
[Black "Induwara_IM"]
[Result "1/2-1/2"]
[WhiteElo "2063"]
[BlackElo "2450"]
[TimeControl "180+2"]
[EndTime "14:53:01 PDT"]
[Termination "Game drawn by stalemate"]

1. d4 Nf6 2. c4 g6 3. Nf3 Bg7 4. g3 O-O 5. Bg2 c5 6. O-O cxd4 7. Nxd4 Nc6 8. Nc3 Qa5 9. Nb3 Qh5 10. h3 d6 11. e4 Qxd1 12. Rxd1 Ne5 13. c5 dxc5 14.
Nxc5 Ned7 15. Nb3 Nb6 16. e5 Ne8 17. f4 Nc7 18. Nc5 Rb8 19. b3 Ne6 20. N5e4 f6 21.
exf6 exf6 22. Ba3 f5 23. Bxf8 Nxf8 24. Rac1 fxe4 25. Nxe4 Bd7 26. Nc5 Bc6 27. Na6 Re8 28.
Bxc6 bxc6 29. Rxc6 Re2 30. a4 Nbd7 31. Rc7 Re4 32.
Rdxd7 Nxd7 33. Rxd7 Re3 34. Kg2 Rxb3 35. Rxa7 Bd4 36.
Rd7 Be3 37. Nc7 Ra3 38. Nd5 h5 39. Nxe3 Rxe3 40. a5 Ra3 41. Ra7 Kh8 42. a6 Kg8 43. Kf2 Kh8 44. f5 gxf5 45. Ra8+ Kg7 46. Ke2 Rxg3 47.
a7 Ra3 48. Kd2 Kh7 49. Kc2 h4 50. Kb2 Ra6 51. Kb3 Ra1 52. Kb4 Kg7 53. Kb3 f4 54. Kb2 Ra6 55. Rb8 Rxa7 56. Rb4 Rf7 57. Kc2 f3 58.
Rb1 Kg6 59. Kd3 Kg5 60. Ke3 f2 61. Rf1 Re7+ 62. Kxf2 Re4 63. Kg2 Re3 64. Rf2 Rg3+ 65. Kh2 Kh5 66. Rg2 Ra3 67. Rb2 Kg5 68. Rf2 Rb3 69.
Kg2 Rb4 70. Rc2 Rf4 71. Rc5+ Kf6 72. Rb5 Ke6 73. Ra5 Re4 74. Rb5 Kd6 75. Rh5 Rf4 76. Rg5 Kc6 77. Rh5 Kd6 78. Rg5 Ke6 79. Rh5 Ke7 80. Rg5 Kf6 81. Ra5 Rf5 82. Rxf5+ Kxf5 83. Kf3 Kg5 84. Ke4 Kh5 85. Kf5 Kh6 86. Kg4 Kh7 87. Kxh4 Kh8 88. Kg5 Kg8 89. Kg6 Kh8 90. h4 Kg8 91. h5 Kh8 92. h6 Kg8 93. h7+ Kh8 94. Kh6 1/2-1/2

[Event "*** MasterClass Titled Tuesday Blitz"]
[Site "Chess.com"]
[Date "2017.10.03"]
[Round "8"]
[White "XeresLt"]
[Black "AdrianaNikolova"]
[Result "1-0"]
[WhiteElo "2279"]
[BlackElo "2374"]
[TimeControl "180+2"]
[EndTime "14:53:11 PDT"]
[Termination "XeresLt won by checkmate"]

1. e4 c5 2. Nf3 d6 3. d4 cxd4 4. Nxd4 Nf6 5. Nc3 a6 6. h3 e5 7. Nde2 Be7 8. g4 h6 9. Ng3 Be6 10. Bg2 Nbd7 11. Nf5 Bxf5 12. exf5 Nc5 13. O-O O-O 14. b4 Ncd7 15. Bxb7 Rb8 16. Bxa6 Rxb4 17. Be2 Nc5 18. Nd5 Rd4 19. Nxe7+ Qxe7 20. Qe1 d5 21. Bb2 Re4 22. f3 Ra4 23. Bb5 Raa8 24. Qxe5 Qb7 25. a4 Rfb8 26. Bd4 Ncd7 27. Qe3 Re8 28. Qd2 Ne5 29. Rae1 Nc4 30. Rxe8+ Rxe8 31. Qc3 Qc7 32. Kg2 Re2+ 33. Rf2 Ne3+ 34. Qxe3 Rxe3 35. Bxe3 d4 36. Bxd4 Nd5 37. Bf1 Nf4+ 38. Kg1 Qd7 39. Be5 Qxa4 40. c4 g5 41. Rb2 Qa7+ 42. Kh2 f6 43. Bxf6 Qe3 44.
c5 Qxf3 45. Bc4+ Nd5 46. Be5 Qe4 47. Bxd5+ Qxd5 48. Bd6 Qc4 49. Rf2 Kf7 50. f6 Qc3 51. Kg2 Qc4 52. Be7 Qd5+ 53. Rf3 Qc4 54. Kg3 Qc1 55.
Rf2 Qe3+ 56. Kg2 Qe4+ 57. Kf1 Qd3+ 58. Ke1 Qxh3 59. Rc2 Qg3+ 60. Kd2 Qf4+ 61. Kd3 Qf3+ 62. Kd2 Qd5+ 63. Kc1 Qh1+ 64. Kb2 Qb7+ 65. Kc3 Qd5 66. Rd2 Qf3+ 67. Rd3 Qc6 68. Kc4 Qe4+ 69. Rd4 Qe6+ 70. Kb5 Qb3+ 71. Kc6 Qc3 72. Rd7 Qf3+ 73. Kc7 Qf4+ 74.
Bd6+ Kxf6 75. Bxf4 gxf4 76. Kb6 f3 77. Rd3 Kg5 78. Rxf3 Kxg4 79. Rf8 h5 80. Rh8 h4 81. c6 h3 82. c7 Kg3 83. c8=Q h2 84. Qh3+ Kf2 85. Qxh2+ Ke1 86. Rg8 Kd1 87. Rg1# 1-0

[Event "*** MasterClass Titled Tuesday Blitz"]
[Site "Chess.com"]
[Date "2017.10.03"]
[Round "8"]
[White "pandamaster3000"]
[Black "AndrewMcStone"]
[Result "1/2-1/2"]
[WhiteElo "2184"]
[BlackElo "2075"]
[TimeControl "180+2"]
[EndTime "14:53:24 PDT"]
[Termination "Game drawn by repetition"]

1. e4 Nc6 2. Nf3 d6 3. d4 Nf6 4. Nc3 g6 5. h3 Bg7 6. Be3 O-O 7. Be2 e5 8. O-O exd4 9. Nxd4 Bd7 10. Qd2 Re8 11. f3 Nh5 12. Nxc6 Bxc6 13. Bd4 Nf4 14. Bxg7 Qg5 15. Qxf4 Qxf4 16. Bd4 a6 17. Bc4 b5 18. Bb3 Bb7 19. Rfe1 c5 20. Be3 Qh4 21. Bd5 Rab8 22. Rad1 Qf6 23. Bc1 b4 24. Ne2 Bxd5 25. Rxd5 Re5 26.
Rd3 Rd8 27. Red1 Rh5 28. Nf4 Rh4 29. Nd5 Qe6 30. Bg5 Rxh3 31. Bxd8 Rh6 32. Bg5 Rh5 33. Nf4 Qe5 34. Nxh5 Qxg5 35. Rxd6 Qxh5 36. Rd8+ Kg7 37. R8d5 Qh4 38. Rxc5 Qe7 39. Rcd5 Qa7+ 40. R1d4 a5 41.
Rd7 Qb6 42. Kf2 Qc5 43. Kg3 Qxc2 44. Rd2 Qc4 45. Kf2 Qxa2 46. Ra7 a4 47. Rdd7 a3 48. Kg3 h5 49. bxa3 bxa3 50. e5 g5 51.
Kh3 Kg6 52. Ra6+ Kf5 53. Rda7 g4+ 54. Kg3 h4+ 55. Kxh4 Qf2+ 56. Kh5 Qg3 57. Rxf7+ Kxe5 58. f4+ Ke4 59. Re7+ Kd5 60. Rd7+ Kc5 61. Ra5+ Kb6 62. Rda7 Qxf4 63. R7a6+ Kb7 64. Ra7+ Kb8 65. Ra8+ Kb7 66. R8a7+ Kb8 67. Rxa3 Qf5+ 68. Kh4 Qf2+ 69. g3 Qf6+ 70.
Kxg4 Qg6+ 71. Kf3 Qf5+ 72. Kg2 Qe4+ 73. Kh3 Qf5+ 74. g4 Qf1+ 75. Kh4 Qh1+ 76. Kg5 Qd5+ 77.
Kh6 Qe6+ 78. Kh5 Qf7+ 79. Kh4 Qh7+ 80. Kg3 Qg6 81. Kh4 Qh6+ 82. Kg3 Qd6+ 83. Kh3 Qh6+ 84. Kg3 Qd6+ 85. Kh4 Qh6+ 86. Kg3 1/2-1/2

[Event "*** MasterClass Titled Tuesday Blitz"]
[Site "Chess.com"]
[Date "2017.10.03"]
[Round "8"]
[White "ChessQueen"]
[Black "NTBT_DHS"]
[Result "1/2-1/2"]
[WhiteElo "2592"]
[BlackElo "2518"]
[TimeControl "180+2"]
[EndTime "14:53:26 PDT"]
[Termination "Game drawn by repetition"]

1. e4 g6 2. d4 Bg7 3. Nc3 a6 4. Be3 d6 5. Nf3 Nf6 6. Qd2 Bg4 7. Be2 Nc6 8. O-O-O O-O 9. Bh6 d5 10. Bxg7 Kxg7 11. exd5 Nxd5 12. Nxd5 Qxd5 13. c4 Qd6 14. Qc3 Kg8 15. c5 Qf4+ 16. Qe3 Qxe3+ 17. fxe3 Rad8 18.
h3 Bf5 19. a3 Be4 20. Rhg1 h6 21. Bc4 Kg7 22. b4 Rfe8 23. Rd2 e6 24. Kb2 Bxf3 25. gxf3 e5 26. d5 e4 27. f4 Ne7 28.
Kc3 Nf5 29. Re1 Kf6 30. a4 Ra8 31. Kb3 a5 32. d6 cxd6 33. cxd6 axb4 34. Kxb4 Red8 35.
d7 b6 36. Bb5 Ra7 37. Rc2 Ke7 38.
Rc8 Nd6 39. Rxd8 Kxd8 40. Rd1 Nxb5 41. Kxb5 Ra5+ 42. Kb4 Rh5 43. Rd4 f5 44. Kb5 Rxh3 45.
Kxb6 Rxe3 46. a5 Rd3 47. Rc4 Kxd7 48. a6 Ra3 49. a7 Kd6 50. Rd4+ Ke6 51. Rd8 Rxa7 52.
Kxa7 g5 53. fxg5 hxg5 54. Kb6 f4 55. Kc5 e3 56. Kd4 Kf5 57. Kd3 Kg4 58. Ke2 Kg3 59. Rg8 Kg4 60. Rg7 Kh4 61. Kf3 Kh5 62. Rh7+ Kg6 63.
Rh8 Kg7 64. Ra8 Kg6 65. Kg4 Kf6 66. Re8 Kf7 67. Re5 Kf6 68. Re4 Kg6 69. Re6+ Kf7 70.
Ra6 Ke7 71. Ra3 Ke6 72. Ra5 Kd6 73. Ra8 Kd5 74. Kf3 Ke5 75. Re8+ Kf5 76. Rf8+ Ke5 77. Re8+ Kf5 78. Rf8+ Ke5 79. Re8+ Kf5 80. Rf8+ Ke5 81. Re8+ Kf5 82. Rf8+ Ke5 83. Rg8 Kf5 84. Rf8+ 1/2-1/2

[Event "*** MasterClass Titled Tuesday Blitz"]
[Site "Chess.com"]
[Date "2017.10.03"]
[Round "8"]
[White "Tibmat"]
[Black "nubair1198"]
[Result "1-0"]
[WhiteElo "2399"]
[BlackElo "2397"]
[TimeControl "180+2"]
[EndTime "14:53:39 PDT"]
[Termination "Tibmat won by resignation"]

1. e4 Nf6 2. e5 Nd5 3. d4 d6 4.
exd6 cxd6 5. g3 g6 6. Bg2 Nb6 7. Ne2 Bg7 8. O-O O-O 9. a4 a5 10. c3 Nc6 11. Na3 Bg4 12. h3 Bxe2 13. Qxe2 Nxa4 14. Re1 e5 15. dxe5 dxe5 16. Be3 Qe8 17. Nb5 Nxb2 18. Qxb2 Qe7 19. Qa3 Qxa3 20. Rxa3 Rfd8 21.
Bb6 Rd2 22. Be3 Rb2 23. Nd6 Bf8 24. Bc5 Rd8 25. Nxb7 Rxb7 26. Bxf8 Kxf8 27. Bxc6 Rc7 28. Bg2 Rc5 29. Rea1 Rd3 30. Rxa5 Rdxc3 31. Rxc5 Rxc5 32.
Ra7 h6 33. h4 h5 34. Bf3 f5 35.
Kg2 Rb5 36. Rd7 e4 37. Bd1 Rb4 38.
Rd2 Ke7 39. Rc2 Kd6 40. Be2 Kd5 41. Rd2+ Ke5 42. Ra2 Rb6 43. Ra6 Rb2 44. Kf1 Rb1+ 45. Kg2 Rb2 46. Bc4 f4 47. gxf4+ Kxf4 48. Rf6+ Kg4 49.
Rxg6+ Kxh4 50. Re6 e3 51. Re4+ Kg5 52. Rxe3 Rc2 53.
Be6 Rc6 54. Bh3 Kf4 55. Rf3+ Ke4 56. Rg3 Rc5 57. Rg8 Kf4 58. Rf8+ Ke4 59. Re8+ Kf4 60. Rf8+ Ke4 61. Kg3 Rc3+ 62. f3+ Ke3 63. Re8+ Kd4 64. Bf5 h4+ 65. Kg4 h3 66. Rh8 Ke5 67. Rxh3 Rc1 68. Be4 Rg1+ 69. Rg3 Rf1 70. Rg2 Kd4 71. Kg3 Ke3 72.
Ra2 Rg1+ 73. Rg2 Rf1 74. Kg4 Rh1 75. Ra2 Rc1 76. Ra3+ Kd4 77. Kf4 Rc4 78. Ra8 Rc7 79. Rd8+ Kc5 80. Kg5 Re7 81. Bg6 Re5+ 82. Bf5 Kc6 83.
f4 Kc7 84. fxe5 Kxd8 85. Kf6 Ke8 86. Bg6+ Kf8 87. e6 Kg8 1-0

[Event "*** MasterClass Titled Tuesday Blitz"]
[Site "Chess.com"]
[Date "2017.10.03"]
[Round "8"]
[White "MITerryble"]
[Black "OparinGrigoriy"]
[Result "1/2-1/2"]
[WhiteElo "2635"]
[BlackElo "2660"]
[TimeControl "180+2"]
[EndTime "14:54:45 PDT"]
[Termination "Game drawn by repetition"]

1. d4 Nf6 2. Nf3 e6 3. c4 b6 4. g3 Ba6 5. Qa4 Bb7 6. Bg2 c5 7. dxc5 bxc5 8. O-O Qc7 9. Nc3 a6 10. Bf4 Bd6 11. Bg5 Nc6 12. Rfd1 Be7 13. Bf4 d6 14.
Qc2 O-O 15. Na4 Nd4 16. Nxd4 cxd4 17. Bxb7 Qxb7 18. b3 h6 19. Qd3 e5 20. Bd2 Rac8 21. e3 Qf3 22. Be1 d5 23. Nb6 Rc6 24. Nxd5 Nxd5 25.
cxd5 Qxd5 26. exd4 e4 27. Qe2 Bf6 28. Bd2 Rfc8 29.
Be3 h5 30. h4 a5 31. Rab1 Rc3 32. b4 axb4 33. Rxb4 Rc2 34. Rb5 Rxe2 35. Rxd5 Rxa2 36. Rxh5 Rd8 37. Rf5 Ra3 38. Kf1 Rd3 39. Rxd3 exd3 40. Rf4 Be7 41. Bd2 Bf6 42. Be3 Be7 43. Rf3 Bb4 44. h5 Ra8 45. Bg5 Ra1+ 46. Kg2 d2 47. Bxd2 Bxd2 48. Rd3 Bb4 49. Rb3 Bf8 50. Rb8 Ra5 51.
g4 Rd5 52. f4 Rxd4 53. Kf3 f6 54. g5 Rd5 55. g6 Rxh5 56. Kg4 Rh1 57. f5 Rf1 58.
Rc8 Rb1 59. Ra8 Rb4+ 60. Kf3 Rc4 61. Kg3 Rd4 62. Kf3 Rd5 63. Ke4 Rd7 64. Kf4 Re7 65.
Kg4 Rb7 66. Kf4 Rb4+ 67. Kf3 Rb1 68. Kf4 Rf1+ 69. Kg4 Rg1+ 70. Kf3 Rh1 71. Kg4 Rh6 72. Kf4 Rh8 73. Kg4 Rh1 74. Kf4 Rb1 75. Ke4 Rb4+ 76. Kf3 Rb5 77. Kf4 Rb7 78. Kg4 Rb4+ 79. Kf3 Rc4 80.
Ke3 Rc3+ 81. Kf4 Ra3 82. Rc8 Ra7 83. Kf3 Rb7 84. Ra8 Rb3+ 85. Ke4 Ra3 86. Rc8 Ra4+ 87. Kf3 Ra7 88. Rb8 Ra4 89. Kg3 Rb4 90. Ra8 Rb5 91. Kg4 Re5 92. Rd8 Re4+ 93. Kf3 Ra4 94. Kg3 Ra6 95. Kg4 Rd6 96. Ra8 Rd7 97. Kf3 Rb7 98.
Kf4 Rb4+ 99. Kf3 1/2-1/2

[Event "*** MasterClass Titled Tuesday Blitz"]
[Site "Chess.com"]
[Date "2017.10.03"]
[Round "9"]
[White "dtn70"]
[Black "Bad4life"]
[Result "0-1"]
[WhiteElo "2291"]
[BlackElo "2197"]
[TimeControl "180+2"]
[EndTime "14:58:36 PDT"]
[Termination "Bad4life won by resignation"]

1. d4 Nf6 2. c4 g6 3. Nc3 Bg7 4.
e4 d6 5. h3 O-O 6. Be3 c5 7. dxc5 Qa5 8. Bd3 dxc5 9. Ne2 Rd8 10. Qc2 Nc6 11. O-O-O Nb4 12. Qb1 Be6 13. b3 Qa3+ 14.
Qb2 Nxd3+ 15. Rxd3 Qxb2+ 16. Kxb2 Rxd3 17. Nd5 0-1